cohdb
Replays
Latest Replays
All Replays
Popular Replays
Top Player Replays
Match Explorer
How It Works
Community
CoH3 Stats
Reddit
Sign in to upload your games and track your stats! →
Sign in with Steam
Match 31040938
Unlisted
Match 31040938
Overview
Messages
Build Orders
End
Kradschützen Motorcycle Team
Selects Italian Infantry
Panzergrenadier Squad
250 Light Carrier
Construct Light Support Kompanie
MG34 Team
MG34 Team
Selects Guastatori Squad
Guastatori Squad
Fire Support Elements
2.5-tonne Medical Truck
Selects L6/40 Light Tank Combat Group
Selects Defensive Operations
Panzerjäger Squad
Flakvierling Half-track
Selects Territory Booby Traps
Guastatori Squad
WrenisPinkles
Walter Whitey
SneaKerz
gb_gbg
0
0
Comments
sign in to comment!
No comments posted yet!